 Dungeon Crawl Stone Soup version 0.25.1-2-g60ff931df9 (webtiles) character file.

Game seed: 14362005197617128784

51 DildoBatman the Magician (level 4, -4/30 HPs)
             Began as a Formicid Wizard on Oct 30, 2020.
             Slain by a gnoll
             ... wielding a +0 spear
              (8 damage)
             ... on level 2 of the Dungeon.
             The game lasted 00:02:48 (1486 turns).

DildoBatman the Magician (Formicid Wizard)          Turns: 1486, Time: 00:02:49

Health: -4/30      AC:  3    Str: 12    XL:     4   Next: 5%
Magic:  1/8        EV: 12    Int: 18    God:
Gold:   94         SH:  0    Dex:  9    Spells: 8/9 levels left

rFire    . . .     SeeInvis +   b - +0 mace
rCold    . . .     Gourm    .   (no shield)
rNeg     . . .     Faith    .   a - +0 robe
rPois    .         Spirit   .   (helmet unavailable)
rElec    .         Reflect  .   (no cloak)
rCorr    .         Harm     .   (no gloves)
MR       .....                  i - +0 pair of boots
Stlth    ++........             (no amulet)
HPRegen  0.10/turn              h - ring of wizardry
MPRegen  0.11/turn              (no ring)

@: no status effects
A: permanent stasis, dig shafts and tunnels, four strong arms, antennae 3
a: Dig, Shaft Self


You were on level 2 of the Dungeon.
You were near starving.

You visited 1 branch of the dungeon, and saw 2 of its levels.

You collected 94 gold pieces.

Inventory:

Hand Weapons
 b - a +0 mace (weapon)
Missiles
 e - 114 stones (quivered)
 f - 17 sling bullets
 g - 16 arrows
Armour
 a - a +0 robe (worn)
 i - a +0 pair of boots (worn)
Jewellery
 h - a ring of wizardry (left hand)
Scrolls
 c - a scroll of noise {unknown}
 d - 2 scrolls of teleportation
 k - a scroll of blinking {unknown}
 l - a scroll of enchant armour {unknown}
 x - a scroll of remove curse
 z - 2 scrolls of identify
Potions
 j - 2 potions of heal wounds {unknown}
 m - a potion of degeneration {unknown}
 n - a potion of invisibility {unknown}
Comestibles
 v - 5 rations


   Skills:
 - Level 1.7 Dodging
 - Level 2.4 Stealth
 - Level 3.2 Spellcasting
 * Level 3.2 Conjurations
   Level 1.0 Summonings
   Level 0.8 Translocations


You had 8 spell levels left.
You knew the following spells:

 Your Spells              Type           Power        Failure   Level  Hunger
c - Magic Dart            Conj           ##..         1%          1    None

Your spell library contained the following spells:

 Spells                   Type           Power        Failure   Level  Hunger
 Call Imp                 Summ           #.......     6%          2    ##.....
 Slow                     Hex            #.......     10%         2    ##.....
 Conjure Flame            Conj/Fire      #.......     10%         3    ###....
 Mephitic Cloud           Conj/Pois/Air  #.......     12%         3    ###....
 Blink                    Tloc           Unusable     N/A         2    N/A

Dungeon Overview and Level Annotations

Branches:
Dungeon (2/15)

Altars:
Qazlal


Innate Abilities, Weirdness & Mutations

You cannot be hasted, slowed, berserked, paralysed or teleported.
You can dig through walls and to a lower floor.
Your four strong arms can wield two-handed weapons with a shield.
You have a pair of large antennae on your head. (SInv)


Message History

The gnoll hits you from afar with a +0 spear.
The gnoll hits you with a +0 spear. The gnoll hits you with a +0 halberd!
The gnoll closely misses you.
You hit the gnoll.
The gnoll is heavily wounded.
The gnoll closely misses you. x2
The gnoll hits you but does no damage. The gnoll hits you with a +0 spear.
Your magical contamination has completely faded away.
What are your orders? t - Shout!
Orders for allies: a - Attack new target. r - Retreat! s - Stop attacking. g - Guard the area. f - Follow me.
Anything else - Cancel.
You shout for attention!
The gnoll barely misses you. The gnoll hits you with a +0 spear!
You die...

#####.....)# #......#### #
#.........# .. #.......#.# {#
..######...###.# .... ##.
#....###.#.###.. .... #...##
#............ .....
##....g#####............ ..{
......g@.......#........ ...
##..###g....#####........
#.###..# ####..# #........
#.#...#.# ##.# #........
#.......## #.# ##....>..
######...########<######.##....
#.............).##..##....
##.#.####.....#..#.##.....
.#### #.#.......##.............


You could see 3 gnolls.

Vanquished Creatures
  A gnoll (D:2)
  An adder (D:2)
  A dart slug (D:1)
  A leopard gecko (D:1)
  3 bats
  2 giant cockroaches (D:1)
  A goblin (D:1)
  6 hobgoblins (D:1)
  5 kobolds (D:1)
  A quokka (D:2)
  2 frilled lizards (D:1)
  6 rats
30 creatures vanquished.

Notes
Turn   | Place    | Note
-------+----------+-------------------------------------------
     0 | D:1      | DildoBatman the Formicid Wizard began the quest for the
                  | Orb.
     0 | D:1      | Reached XP level 1. HP: 13/13 MP: 4/4
    16 | D:1      | Reached skill level 1 in Conjurations
   136 | D:1      | Reached XP level 2. HP: 6/19 MP: 3/6
   689 | D:1      | Reached XP level 3. HP: 23/24 MP: 4/7
  1345 | D:2      | Found a stormy altar of Qazlal.
  1473 | D:2      | Reached XP level 4. HP: 27/30 MP: 0/8
  1486 | D:2      | Slain by a gnoll

Illustrated notes

Levels and vault maps discovered:
D:1:      mushboom_english_gardens, layout_basic
D:2:      layout_rooms, lemuel_round_altar, chequers_ecumenical_altar_lobes

Skill      XL: |  1  2  3 |
---------------+----------+-----
Conjurations   | 1 2 3 |  3.2
Dodging        | |  1.7
Stealth        | |  2.4
Spellcasting   | |  3.2
Summonings     | |  1.0
Translocations | |  0.8

Action                   |  1- 3 |  4- 6 || total
-------------------------+-------+-------++-------
Melee: Mace              |    17 |     1 ||    18
 Cast: Magic Dart        |    69 |     1 ||    70
  Use: Scroll            |     3 |       ||     3
 Stab: Sleeping          |     1 |       ||     1
Armor: Robe              |    13 |     1 ||    14
Dodge: Dodged            |    22 |     4 ||    26
